AoeStats
← MAAUZAI

Arabia

503352413Analyzed
3v3 RM · 1mo ago on Aug 31, 2026· 28m 35s· 6 players
Game mode
Random Map
Map size
Normal (6 player)
Population
200
Speed
Normal
Resources
Standard
Victory
Conquest
Starting age
Dark Age
Ending age
Imperial Age
RankedLock teamsTeams togetherTeam positionsShared explorationLock speedFull tech treeHidden civsTurbo modeCheats
Victory
Defeat
🇦🇺 Maya · Australia
1389
+9
🇬🇧 Poles · United Kingdom
1389
+9
🇭🇰 Khmer · Hong Kong SAR China
1184
+18
🇪🇸 Italians · Spain
1260
-13
🇬🇷 Burgundians · Greece
1257
-13
🇳🇿 Koreans · New Zealand
1152
-9
JohnPlayerSpecial
5:57 Loom
14:15 Feudal Age
16:41 Double-Bit Axe
16:37 Horse Collar
24:12 Castle Age
22:25 Scale Mail Armor
22:36 Forging
23:04 Gold Mining
23:37 Arson
25:01 Squires
25:29 Chain Mail Armor
25:56 Squires
aLaNi
3:23 Loom
11:30 Feudal Age
10:16 Horse Collar
11:22 Double-Bit Axe
26:13 Castle Age
Barbas_97
8:16 Loom
10:02 Feudal Age
11:24 Double-Bit Axe
11:22 Horse Collar
16:08 Wheelbarrow
20:12 Castle Age
19:27 Fletching
19:45 Gold Mining
20:19 Crossbowman
20:58 Bodkin Arrow
21:48 Padded Archer Armor
22:11 Bow Saw
23:06 Leather Archer Armor
24:21 Ballistics
MAAUZAI
8:05 Feudal Age
8:42 Double-Bit Axe
9:27 Loom
10:57 Horse Collar
13:19 Scale Barding Armor
14:32 Forging
16:58 Wheelbarrow
20:22 Castle Age
18:21 Gold Mining
19:19 Bloodlines
21:13 Bow Saw
21:34 Chain Barding Armor
26:55 Husbandry
29:32 Iron Casting
Charlesmartel
0:29 Loom
9:22 Feudal Age
11:59 Fletching
15:01 Double-Bit Axe
17:46 Gold Mining
19:17 Horse Collar
26:16 Castle Age
26:06 Padded Archer Armor
26:26 Crossbowman
27:22 Bodkin Arrow
27:33 Thumb Ring
28:33 Bow Saw
tomtom>W<
6:18 Loom
8:55 Feudal Age
9:41 Double-Bit Axe
10:12 Horse Collar
16:55 Scale Barding Armor
19:50 Bloodlines
19:51 Forging
23:21 Castle Age
23:28 Light Cavalry
24:34 Chain Barding Armor
25:03 Husbandry
25:39 Gold Mining
26:32 Wheelbarrow
26:42 Heavy Plow
27:52 Szlachta Privileges
28:54 Iron Casting
Connection lost

Rejoining the realm…

Still unreachable

The connection could not be restored.

Session expired

The server has moved on; the page needs a fresh start.